 Dungeon Crawl Stone Soup version 0.21-a0-509-gecc5317402 (webtiles) character file.

28 Kaname the Magician (level 3, 14/24 HPs)
             Began as a Demonspawn Wizard on Nov 29, 2017.
             Quit the game on level 2 of the Dungeon.
             The game lasted 00:01:39 (936 turns).

Kaname the Magician (Demonspawn Wizard)              Turns: 936, Time: 00:01:39

Health: 14/24      AC:  4    Str:  7    XL:     3   Next: 0%
Magic:  1/7        EV: 12    Int: 20    God:
Gold:   91         SH:  0    Dex: 11    Spells: 5/8 levels left

rFire    . . .     SeeInvis .   p - +0 trident
rCold    . . .     Gourm    .   (no shield)
rNeg     . . .     Faith    .   a - +0 robe
rPois    .         Spirit   .   b - +0 hat
rElec    .         Reflect  .   (no cloak)
rCorr    .         Harm     .   (no gloves)
MR       .....                  (no boots)
Stlth    ++........             (no amulet)
HPRegen  0.08/turn              (no ring)
MPRegen  0.10/turn              (no ring)

@: no status effects
A: slimy green scales 1, demonic guardian 1
a: no special abilities


You were on level 2 of the Dungeon.
You were not hungry.

You visited 1 branch of the dungeon, and saw 2 of its levels.

You collected 91 gold pieces.

Inventory:

Hand Weapons
 p - a +0 trident (weapon)
Missiles
 h - 6 javelins (quivered)
Armour
 a - a +0 robe (worn)
 b - a +0 hat (worn)
Jewellery
 o - a cursed -2 ring of intelligence {unknown}
Scrolls
 e - a scroll of teleportation {unknown}
 l - a scroll of remove curse {unknown}
 m - a scroll of enchant armour {unknown}
 n - 2 scrolls of identify {unknown}
Potions
 f - a potion of might {unknown}
 g - 2 potions of brilliance {unknown}
 i - 2 potions of ambrosia {unknown}
 j - a potion of agility {unknown}
 k - 4 potions of curing {unknown}
Books
 c - a book of Minor Magic

   Spells                             Type                      Level
   a - Magic Dart                     Conjuration                  1
   b - Blink                          Translocation                2
   c - Call Imp                       Summoning                    2
   d - Slow                           Hexes                        2
   e - Conjure Flame                  Conjuration/Fire             3
   f - Mephitic Cloud                 Conjuration/Poison/Air       3
Comestibles
 d - a bread ration


   Skills:
 - Level 1.7 Dodging
 - Level 1.7 Stealth
 - Level 3.0 Spellcasting
 + Level 3.0 Conjurations
   Level 1.0 Summonings
 - Level 0.8 Translocations


You had 5 spell levels left.
You knew the following spells:

 Your Spells              Type           Power        Failure   Level  Hunger
a - Magic Dart            Conj           ###.         4%          1    None
b - Blink                 Tloc           N/A          16%         2    ##.....


Dungeon Overview and Level Annotations

Branches:
Dungeon (2/15)

Altars:
Elyvilon

Annotations:
D:2 Natasha


Innate Abilities, Weirdness & Mutations

You are partially covered in slimy green scales. (AC +2)
A weak demonic guardian rushes to your aid.


Message History

Confirm with . or Enter, or press ? or * to list all spells.
Aiming: Magic Dart
Press: ? - help, Shift-Dir - straight line, f/p - jackal
Aim: a jackal (moderately wounded)
The magic dart hits the jackal.
The jackal is almost dead.
The jackal bites you but does no damage.
Casting: Magic Dart
Confirm with . or Enter, or press ? or * to list all spells.
Aiming: Magic Dart
Press: ? - help, Shift-Dir - straight line, f/p - jackal
Aim: a jackal (almost dead)
The magic dart hits the jackal.
You kill the jackal!
You have reached level 3!
Your experience leads to an increase in your attributes!
Increase (S)trength, (I)ntelligence, or (D)exterity?
You feel clever.
Your demonic ancestry asserts itself...
Slimy green scales grow over part of your body.
Are you sure you want to abandon this character and quit the game? (Confirm with "yes".)

..........### ##.
.....h.##...### #.. .?.....
###...# #.#
.......######.###### #.#
.>......h†.........###.###
............#.####.......###
..####)####.#.# ###.###...#
... #†#.# #.# ###.. #....
#@#.# #.# ### #....
#........#.# ....._
...#.<.....# ..#....
.#..#....%### ..#....
..#.###.... .[ #.# .... .##
#.# . .. ..[


There were no monsters in sight!

Vanquished Creatures
  An ooze (D:1)
  2 dart slugs
  A giant cockroach (D:2)
  A goblin (D:1)
  5 hobgoblins
  A jackal (D:2)
  2 bats (D:1)
  A frilled lizard (D:1)
  A kobold (D:2)
  6 rats
21 creatures vanquished.

Notes
Turn   | Place    | Note
-------+----------+-------------------------------------------
     0 | D:1      | Kaname the Demonspawn Wizard began the quest for the Orb.
     0 | D:1      | Reached XP level 1. HP: 13/13 MP: 4/4
   188 | D:1      | Gained mutation: A weak demonic guardian rushes to your aid. [demonic ancestry]
   188 | D:1      | Reached XP level 2. HP: 19/19 MP: 1/6
   192 | D:1      | Learned a level 2 spell: Blink
   908 | D:2      | Found a white marble altar of Elyvilon.
   926 | D:2      | Noticed Natasha
   935 | D:2      | Gained mutation: You are partially covered in slimy green scales. (AC +2) [demonic ancestry]
   935 | D:2      | Reached XP level 3. HP: 14/24 MP: 1/7
   936 | D:2      | Quit the game

Vault maps used:
D:1:      minmay_arrival_radiant_lines
D:2:      old_standard_altar, uniq_jessica, uniq_robin, uniq_natasha

Skill      XL: |  1  2 |
---------------+-------+-----
Conjurations   | 2 3 |  3.0
Dodging        | |  1.7
Stealth        | |  1.7
Spellcasting   | |  3.0
Summonings     | |  1.0
Translocations | |  0.8

Action                   || total
-------------------------++-------
Melee: Unarmed           ||     5
       Trident           ||    12
 Cast: Magic Dart        ||    46
Armor: Robe              ||     4
Dodge: Dodged            ||    16

Table legend:
 A = Spawn XP
 B = Non-spawn XP
 C = Spawn XP percentage of total XP
 D = Spawn monster count
 E = Non-spawn monster count
 F = Spawn count percentage of total count
 G = Total turns spent on level
                    A         B        C        D         E        F      G
               +---------+---------+-------+---------+---------+-------+---------
         Total |       0 |      41 |   0.0 |       0 |      21 |   0.0 |   936
               +---------+---------+-------+---------+---------+-------+---------
           D:1 |       0 |      28 |   0.0 |       0 |      14 |   0.0 |   845
           D:2 |       0 |      13 |   0.0 |       0 |       7 |   0.0 |    91
               +---------+---------+-------+---------+---------+-------+---------
